cohdb
Replays
Latest Replays
All Replays
Popular Replays
Top Player Replays
Match Explorer
How It Works
Community
CoH3 Stats
Reddit
Sign in to upload your games and track your stats! →
Sign in with Steam
Match 41116721
Unlisted
Match 41116721
Overview
Messages
Build Orders
End
Construct Barracks
Selects Heavy Weapons
Riflemen Squad
Riflemen Squad
Riflemen Squad
Mechanized Support Center
Construct Weapon Support Center
Selects M2HB .50cal Heavy Machine Gun
M1919 Machine Gun Team
Construct Medical Station
Construct Motor Pool
Selects Assault Carriers
Selects Halftrack Strongpoints
M8 Greyhound Armored Car
M1918 Browning Automatic Rifles
Designate Forward Repair Station
Grenade Package
Engineer Squad
.30 cal Machine Gun
Construct Tank Depot
M1919 Machine Gun Team
M1 Anti-tank Gun Team
Selects M26 Pershing Heavy Tank
M26 Pershing Heavy Tank
Improvised Armor
Designate Forward Repair Station
M1 Anti-tank Gun Team
M1 Mortar Team
Selects Rapid Reposition
.30 cal Machine Gun
Selects Bolstered Team Weapons
CAuMOH
!!!!!!!!!!!!
el campo
MaXiS
0
0
Comments
sign in to comment!
No comments posted yet!